 Dungeon Crawl Stone Soup version 0.31-a0-865-g3d5d91748a (webtiles) character file.

Game seed: 5163840575368788956

224 gelatine the Trooper (level 5, -8/41 HPs)
             Began as a Demonspawn Wanderer on Oct 11, 2023.
             Engulfed by a cloud of flame (15 damage)
             ... on level 4 of the Dungeon.
             The game lasted 00:06:54 (2311 turns).

gelatine the Trooper (Demonspawn Wanderer)          Turns: 2311, Time: 00:06:54

Health: -8/41      AC:  6    Str: 18    XL:     5   Next: 67%
Magic:  7/7        EV: 11    Int: 12    God:
Gold:   162        SH:  0    Dex: 10    Spells: 7/7 levels left

rFire   . . .        b - +0 war axe
rCold   . . .        (no shield)
rNeg    . . .        d - +0 ring mail
rPois   .            (no helmet)
rElec   .            (no cloak)
rCorr   .            h - +0 pair of gloves
SInv    .            (no boots)
Will    .....        (no amulet)
Stlth   +            (no ring)
HPRegen 0.26/turn    (no ring)
MPRegen 0.10/turn

%: no passive effects
@: no status effects
A: sturdy frame 1
a: no special abilities


You were on level 4 of the Dungeon.
You visited 1 branch of the dungeon, and saw 4 of its levels.

You collected 162 gold pieces.

Inventory:

Hand Weapons
 a - a +2 dagger
 b - a +0 war axe (weapon)
 c - a +0 sling
Armour
 d - a +0 ring mail (worn)
 h - a +0 pair of gloves (worn)
Wands
 n - a wand of mindburst (3)
Scrolls
 e - 3 scrolls of teleportation
 f - a scroll of identify
 g - a scroll of poison {unknown}
 l - 2 scrolls of immolation
 m - a scroll of enchant weapon {unknown}
Potions
 i - 2 potions of lignification {unknown}
 j - 3 potions of curing {unknown}
 k - a potion of might


   Skills:
 * Level 3.1 Fighting
 + Level 1.5 Short Blades
 + Level 1.8 Ranged Weapons
 + Level 3.0 Throwing
 * Level 2.4 Armour
 * Level 1.6 Dodging
 * Level 1.2 Stealth
 * Level 1.5 Spellcasting
 * Level 1.6 Evocations


You had 7 spell levels left.
You didn't know any spells.
Your spell library contained the following spells:

 Spells                   Type           Power      Damage    Failure   Level
 Sting                    Tmut/Pois      0%         1d3       36%         1
 Poisonous Vapours        Pois/Air       0%         N/A       50%         2
 Olgreb's Toxic Radiance  Pois           0%         N/A       98%         4


Dungeon Overview and Level Annotations

Branches:
Dungeon (4/15)
 Temple: D:4-7

Altars:
Okawaru


Innate Abilities, Weirdness & Mutations

Your movements are slightly less encumbered by armour. (ER -2)


Message History

You climb upwards.
There is a stone staircase leading down here.
You hit the goblin but do no damage.
The goblin is moderately wounded.
The goblin closely misses you.
You hit the goblin. You punch the goblin.
You kill the goblin!
Things that are here:
a +0 dagger; a goblin corpse HP restored.
Done exploring.
Search for what [? for help]? axe
Things that are here:
a +0 ring mail; a +0 short sword; a +0 war axe
b - a +0 war axe (weapon)
There is an open door, spattered with blood here.
You see here a +0 mace.
There is a stone staircase leading down here.
You climb downwards.
The adder hisses angrily.
Found 5 curare-tipped darts, a cloak, 10 gold pieces and a leather armour.
There is a stone staircase leading up here.
As you read the scroll labelled BUEKKO HYOLE, it crumbles to dust.
The creatures around you are filled with an inner flame!
It was a scroll of immolation.
As you read the scroll labelled EREUL BOX, it crumbles to dust.
It is a scroll of identify.
k - a potion of might The adder hisses angrily.
The adder closely misses you.
You closely miss the adder. The adder closely misses you. x2
You hit the adder.
Flame seeps out of the adder.
The adder is heavily wounded.
The adder is engulfed in blazing flames.
The adder explodes!
The fiery explosion engulfs you!!
Ouch! That really hurt!
* * * LOW HITPOINT WARNING * * *
You open the door.
You are engulfed in blazing flames.
You die...

#####.#
##.....
#......
.....#
....# ...
###'###
#.§@§.#
.....S§°§.#
......§§§##
.[........
......$...#
...##.[..##
... #.....
.. ......


You could see an adder (inner flame).

Vanquished Creatures
  A phantom (D:3)
  5 gnolls
  4 adders
  3 dart slugs
  6 orcs (D:3)
  7 endoplasms
  2 giant cockroaches
  6 goblins
  3 hobgoblins
  2 quokkas
  2 ball pythons
  3 frilled lizards
  5 kobolds
  5 rats
54 creatures vanquished.

Notes
Turn   | Place    | Note
-------+----------+-------------------------------------------
     0 | D:1      | gelatine the Demonspawn Wanderer began the quest for the
                  | Orb.
     0 | D:1      | gelatine set off with the following items: a +2 dagger, 3
                  | curare-tipped darts, a +0 sling, a +0 ring mail, a scroll
                  | of teleportation.
     0 | D:1      | Reached XP level 1. HP: 16/16 MP: 2/2
   164 | D:1      | Gained mutation: Your movements are slightly less
                  | encumbered by armour. (ER -2) [demonic ancestry]
   164 | D:1      | Reached XP level 2. HP: 22/23 MP: 3/3
   200 | D:1      | Reached skill level 1 in Dodging
   503 | D:2      | Reached XP level 3. HP: 11/28 MP: 4/4
  1148 | D:2      | Found a faded altar of an unknown god.
  1148 | D:2      | Noticed a smoke demon
  1355 | D:3      | Reached XP level 4. HP: 34/34 MP: 5/5
  1363 | D:3      | Noticed a phantom
  1392 | D:3      | Killed a phantom
  1393 | D:3      | Reached skill level 1 in Short Blades
  1393 | D:3      | Reached XP level 5. HP: 8/41 MP: 6/6
  1530 | D:3      | Found an iron altar of Okawaru.
  1680 | D:3      | HP: 3/61 [gnoll/+0 flail (5)]
  1975 | D:3      | Reached skill level 1 in Stealth
  2311 | D:4      | Engulfed by a cloud of flame

Illustrated notes

Levels and vault maps discovered:
D:1:      wander_arrival_fairy_ring, layout_rooms
D:2:      layout_loops_cross, dreamdust_ecumenical_altar_sealed_demon
D:3:      layout_basic, lemuel_doored_altar
D:4:      layout_gridville, minitemple, abandoned_shop

Skill      XL: |  1  2  3  4  5 |
---------------+----------------+-----
Dodging        | 1 |  1.6
Throwing       | 3 |  3.0
Fighting       | 3 |  3.1
Short Blades   | 1 |  1.5
Armour         | 2 |  2.4
Stealth        | 1 |  1.2
Ranged Weapons | |  1.8
Spellcasting   | |  1.5
Evocations     | |  1.6

Action                     |  1- 3 |  4- 6 || total
---------------------------+-------+-------++-------
  Melee: Dagger            |   156 |    68 ||   224
         Punch             |     1 |     2 ||     3
         War axe           |       |     2 ||     2
  Throw: Dart              |    11 |     6 ||    17
    Use: Scroll            |       |     2 ||     2
         Potion            |       |     1 ||     1
 Armour: Ring mail         |    83 |    38 ||   121
  Dodge: Dodged            |    73 |    44 ||   117

Table legend: (Time is in decaauts)
 A = Elapsed time spent in this place.
 B = Non-inter-level travel time spent in this place.
 C = Inter-level travel time spent in this place.
 D = Time resting spent in this place.
 E = Time spent auto-exploring this place.
 F = Levels seen in this place.
 G = Mean time per level.
                   A        B        C        D        E       F      G
               +--------+--------+--------+--------+--------+-----+--------+
         Total |   2309 |   2237 |     72 |      0 |   1763 |   4 |  577.2 |
       Dungeon |   2309 |   2237 |     72 |      0 |   1763 |   4 |  577.2 |
               +--------+--------+--------+--------+--------+-----+--------+

Top non-repeatable levels by time:
     D:3: 1049 daAuts
     D:2: 712 daAuts
     D:1: 467 daAuts
     D:4: 80 daAuts
